[ AOE2 MATCH · #473150111 ]
UnrankedBohemians vs Aztecs
[ REPLAY ANALYSIS · EXTRACTED FROM THE RECORDED GAME ]
Feudal
14:01
Castle
19:29
Imperial
33:44
| APM avg | 23.7 |
| APM peak | 49 |
| eAPM avg | 20.0 |
| Villagers / military | 170 / 268 |
Focus
⚔️ 37.8% · 🌾 62.2%
Hussite Wagon ×89 · Bombard Cannon ×72 · Spearman ×67 · Trade Cart ×19 · Monk ×15 · Skirmisher ×15
Feudal
12:58
Castle
18:22
Imperial
35:20
| APM avg | 11.0 |
| APM peak | 30 |
| eAPM avg | 9.6 |
| Villagers / military | 115 / 631 |
Focus
⚔️ 40.7% · 🌾 59.3%
Skirmisher ×406 · Militia ×217 · Trade Cart ×13 · Trebuchet (Packed) ×6 · Monk ×1 · Archer ×1
Feudal
13:46
Castle
22:04
Imperial
35:06
| APM avg | 22.6 |
| APM peak | 89 |
| eAPM avg | 19.3 |
| Villagers / military | 122 / 535 |
Focus
⚔️ 61.9% · 🌾 38.1%
Skirmisher ×397 · Fire Lancer ×103 · Bombard Cannon ×22 · Trade Cart ×20 · Fishing Ship ×17 · Spearman ×12
Feudal
13:11
Castle
17:25
Imperial
38:19
| APM avg | 13.2 |
| APM peak | 30 |
| eAPM avg | 11.8 |
| Villagers / military | 120 / 208 |
Focus
⚔️ 44.2% · 🌾 55.8%
Battle Elephant ×93 · Ratha (Ranged) ×71 · Elephant Archer ×44 · Trade Cart ×14
Feudal
13:39
Castle
16:20
Imperial
30:01
| APM avg | 35.3 |
| APM peak | 130 |
| eAPM avg | 25.8 |
| Villagers / military | 190 / 299 |
Focus
⚔️ 13.0% · 🌾 87.0%
Battle Elephant ×160 · Scorpion ×99 · Battering Ram ×20 · Ballista Elephant ×18 · Trade Cart ×14 · Monk ×2
Feudal
13:43
Castle
17:15
Imperial
30:45
| APM avg | 22.7 |
| APM peak | 52 |
| eAPM avg | 16.3 |
| Villagers / military | 155 / 259 |
Focus
⚔️ 43.6% · 🌾 56.4%
Longbowman ×129 · Spearman ×109 · Trebuchet (Packed) ×19 · Fishing Ship ×12 · Trade Cart ×3 · Monk ×1
Feudal
14:21
Castle
23:16
Imperial
49:15
| APM avg | 24.5 |
| APM peak | 58 |
| eAPM avg | 15.2 |
| Villagers / military | 158 / 124 |
Focus
⚔️ 26.3% · 🌾 73.7%
Knight ×99 · Throwing Axeman ×23 · Fishing Ship ×10 · Trade Cart ×7 · Monk ×1 · Galley ×1
Feudal
12:00
Castle
15:55
Imperial
33:25
| APM avg | 17.9 |
| APM peak | 64 |
| eAPM avg | 12.6 |
| Villagers / military | 117 / 166 |
Focus
⚔️ 35.4% · 🌾 64.6%
Unknown (1968) ×185 · Spearman ×164 · Trade Cart ×37 · Unknown (1942) ×17 · Monk ×2 · Unknown (1978) ×2
Match map
Initial resources + every placement click. Lines = walls · curves = elevation contours. ◆ gold · ⬟ stone · ● berries · ✦ relic · ◌ wall gap
Your base
F.A.D.14.AM.33.3M's base
Yarami's base· Open — unwalled flank
Thelordofallhorses's base
leslie's base· Open — unwalled flank
ThePiper's base
说唱歌手玛卡巴卡's base· Open — 2t gap
Hinbin's base
Smoothed initial terrain · ◌ = detected wall gap · hover for details
Inputs per minute
— For Ged's eyes only ___) --- - - F.A.D.14.AM.33.3M
Build order — For Ged's eyes only ___) ---
First 150 of 599 actions detected
| 0:02 | Create | Villager (Male) |
| 0:02 | Research | Loom |
| 0:03 | Build | House |
| 0:04 | Build | House |
| 0:06 | Create | Villager (Male) |
| 0:06 | Create | Villager (Male) |
| 0:23 | Build | House |
| 0:27 | Build | House |
| 0:29 | Build | Palisade Wall |
| 0:49 | Create | Villager (Male) |
| 0:50 | Create | Villager (Male) |
| 2:02 | Build | Palisade Wall |
| 2:12 | Build | Palisade Wall |
| 2:15 | Build | Palisade Wall |
| 2:27 | Create | Villager (Male) |
| 2:27 | Create | Villager (Male) |
| 3:16 | Create | Villager (Male) |
| 3:16 | Create | Villager (Male) |
| 3:38 | Create | Villager (Male) |
| 3:39 | Create | Villager (Male) |
| 3:47 | Build | House |
| 3:48 | Build | House |
| 4:37 | Create | Villager (Male) |
| 4:37 | Create | Villager (Male) |
| 4:57 | Build | Palisade Gate |
| 5:00 | Build | Palisade Wall |
| 5:21 | Build | Palisade Wall |
| 5:33 | Create | Villager (Male) |
| 5:34 | Create | Villager (Male) |
| 5:34 | Create | Villager (Male) |
| 5:59 | Create | Villager (Male) |
| 6:01 | Create | Villager (Male) |
| 6:33 | Build | Palisade Wall |
| 6:40 | Build | Lumber Camp |
| 6:41 | Create | Villager (Male) |
| 6:42 | Create | Villager (Male) |
| 6:42 | Create | Villager (Male) |
| 7:57 | Create | Villager (Male) |
| 7:57 | Create | Villager (Male) |
| 8:01 | Create | Villager (Male) |
| 8:02 | Create | Villager (Male) |
| 8:02 | Create | Villager (Male) |
| 8:26 | Build | Mill |
| 8:39 | Create | Villager (Male) |
| 8:39 | Create | Villager (Male) |
| 9:46 | Create | Villager (Male) |
| 10:17 | Build | Dock |
| 10:29 | Create | Villager (Male) |
| 10:29 | Create | Villager (Male) |
| 10:42 | Build | Lumber Camp |
| 11:18 | Build | Mining Camp |
| 11:26 | Create | Villager (Male) |
| 11:45 | Research | Feudal Age |
| 11:45 | Research | Feudal Age |
| 12:37 | Create | Fishing Ship |
| 12:37 | Create | Fishing Ship |
| 12:49 | Build | House |
| 12:55 | Build | House |
| 12:56 | Build | House |
| 12:58 | Build | House |
| 13:25 | Build | Building 804 |
| 13:28 | Build | Palisade Wall |
| 13:29 | Build | Palisade Wall |
| 13:40 | Create | Villager (Male) |
| 13:40 | Create | Villager (Male) |
| 13:40 | Create | Villager (Male) |
| 13:45 | Create | Fishing Ship |
| 14:01 | Age | Feudal Age |
| 14:16 | Build | Building 487 |
| 14:20 | Build | Stone Wall |
| 14:36 | Build | Mill |
| 14:50 | Build | Market |
| 15:02 | Create | Villager (Male) |
| 15:16 | Build | Blacksmith |
| 15:50 | Create | Villager (Male) |
| 15:50 | Create | Villager (Male) |
| 16:20 | Create | Villager (Male) |
| 16:20 | Create | Villager (Male) |
| 16:46 | Research | Castle Age |
| 19:09 | Build | Building 487 |
| 19:14 | Build | Stone Wall |
| 19:29 | Build | Lumber Camp |
| 19:29 | Age | Castle Age |
| 19:40 | Build | Town Center |
| 19:43 | Create | Villager (Male) |
| 19:43 | Create | Villager (Male) |
| 19:43 | Create | Villager (Male) |
| 19:43 | Create | Villager (Male) |
| 19:44 | Create | Villager (Male) |
| 20:30 | Build | Castle |
| 20:38 | Research | Double-Bit Axe |
| 20:49 | Create | Villager (Male) |
| 20:49 | Create | Villager (Male) |
| 20:49 | Create | Villager (Male) |
| 20:49 | Create | Villager (Male) |
| 21:27 | Create | Villager (Male) |
| 21:30 | Research | Horse Collar |
| 21:36 | Build | Farm |
| 21:41 | Build | Farm |
| 21:45 | Create | Villager (Male) |
| 21:47 | Create | Villager (Male) |
| 21:51 | Build | Farm |
| 21:53 | Build | Farm |
| 22:00 | Research | Bow Saw |
| 22:07 | Build | Stone Wall |
| 22:21 | Build | Town Center |
| 22:27 | Build | Town Center |
| 22:29 | Research | Wheelbarrow |
| 22:40 | Build | Farm |
| 22:44 | Build | Farm |
| 22:46 | Create | Villager (Male) |
| 23:04 | Build | Farm |
| 23:22 | Build | Farm |
| 23:27 | Build | Farm |
| 23:30 | Build | Farm |
| 23:35 | Build | Farm |
| 23:39 | Build | Farm |
| 23:40 | Create | Trade Cart |
| 23:41 | Create | Villager (Male) |
| 23:44 | Create | Villager (Male) |
| 23:46 | Create | Villager (Male) |
| 23:59 | Build | Fish Trap |
| 24:02 | Build | Fish Trap |
| 24:05 | Build | Fish Trap |
| 24:07 | Create | Fishing Ship |
| 24:14 | Research | Tech 906 |
| 24:15 | Create | Fishing Ship |
| 24:19 | Create | Trade Cart |
| 24:22 | Create | Villager (Male) |
| 24:22 | Create | Villager (Male) |
| 24:29 | Create | Villager (Male) |
| 24:47 | Create | Villager (Male) |
| 24:48 | Create | Villager (Male) |
| 24:48 | Create | Villager (Male) |
| 24:51 | Build | Farm |
| 25:03 | Create | Villager (Male) |
| 25:16 | Build | Monastery |
| 25:22 | Build | Farm |
| 25:26 | Build | Fish Trap |
| 25:28 | Build | Farm |
| 25:31 | Create | Villager (Male) |
| 25:32 | Create | Villager (Male) |
| 25:36 | Create | Villager (Male) |
| 25:36 | Create | Villager (Male) |
| 25:41 | Build | Farm |
| 25:44 | Create | Villager (Male) |
| 25:45 | Create | Villager (Male) |
| 25:45 | Create | Villager (Male) |
| 25:50 | Build | Farm |
| 25:51 | Build | Farm |
Build order — F.A.D.14.AM.33.3M
First 150 of 470 actions detected
| 0:03 | Research | Loom |
| 0:04 | Create | Villager (Male) |
| 0:04 | Create | Villager (Male) |
| 0:05 | Create | Villager (Male) |
| 0:05 | Create | Villager (Male) |
| 0:05 | Create | Villager (Male) |
| 0:20 | Build | House |
| 0:21 | Build | House |
| 0:23 | Build | House |
| 0:26 | Build | House |
| 2:17 | Create | Villager (Male) |
| 2:59 | Create | Villager (Male) |
| 3:21 | Create | Villager (Male) |
| 3:50 | Build | Mill |
| 3:53 | Create | Villager (Male) |
| 4:13 | Create | Villager (Male) |
| 5:12 | Create | Villager (Male) |
| 5:12 | Create | Villager (Male) |
| 5:47 | Create | Villager (Male) |
| 5:48 | Create | Villager (Male) |
| 6:22 | Create | Villager (Male) |
| 6:36 | Create | Villager (Male) |
| 7:29 | Build | Palisade Wall |
| 7:35 | Create | Villager (Male) |
| 7:35 | Create | Villager (Male) |
| 8:27 | Create | Villager (Male) |
| 8:27 | Create | Villager (Male) |
| 8:42 | Build | Mill |
| 8:56 | Build | Lumber Camp |
| 9:05 | Create | Villager (Male) |
| 9:34 | Build | Farm |
| 9:49 | Create | Villager (Male) |
| 10:09 | Create | Villager (Male) |
| 10:22 | Build | House |
| 10:23 | Build | House |
| 10:47 | Research | Feudal Age |
| 11:24 | Build | House |
| 11:26 | Build | House |
| 11:45 | Build | Mining Camp |
| 12:09 | Create | Villager (Male) |
| 12:10 | Create | Villager (Male) |
| 12:47 | Create | Villager (Male) |
| 12:58 | Age | Feudal Age |
| 13:06 | Build | Blacksmith |
| 13:35 | Build | Market |
| 13:47 | Create | Villager (Male) |
| 13:55 | Build | Farm |
| 14:06 | Build | Mill |
| 14:35 | Create | Villager (Male) |
| 15:03 | Create | Villager (Male) |
| 15:12 | Build | Farm |
| 15:30 | Build | Mining Camp |
| 15:42 | Research | Castle Age |
| 17:06 | Build | Stone Wall |
| 17:16 | Build | Stone Wall |
| 18:03 | Build | Farm |
| 18:19 | Create | Trade Cart |
| 18:19 | Create | Trade Cart |
| 18:20 | Create | Trade Cart |
| 18:21 | Create | Trade Cart |
| 18:21 | Create | Trade Cart |
| 18:22 | Age | Castle Age |
| 18:35 | Create | Villager (Male) |
| 18:35 | Create | Villager (Male) |
| 18:35 | Create | Villager (Male) |
| 19:00 | Create | Villager (Male) |
| 19:16 | Build | Town Center |
| 19:23 | Create | Villager (Male) |
| 19:38 | Create | Villager (Male) |
| 19:40 | Research | Wheelbarrow |
| 20:07 | Build | Town Center |
| 20:10 | Create | Villager (Male) |
| 20:21 | Create | Villager (Male) |
| 20:21 | Create | Villager (Male) |
| 20:22 | Create | Villager (Male) |
| 20:22 | Create | Villager (Male) |
| 20:43 | Research | Double-Bit Axe |
| 21:05 | Create | Villager (Male) |
| 21:07 | Create | Villager (Male) |
| 21:22 | Create | Villager (Male) |
| 21:22 | Create | Villager (Male) |
| 21:23 | Create | Villager (Male) |
| 21:39 | Build | Farm |
| 21:44 | Build | Farm |
| 21:51 | Build | Farm |
| 21:59 | Build | Farm |
| 22:06 | Build | Farm |
| 22:12 | Build | Farm |
| 22:18 | Create | Villager (Male) |
| 22:32 | Build | Farm |
| 22:35 | Create | Villager (Male) |
| 22:55 | Build | Farm |
| 22:58 | Create | Villager (Male) |
| 23:05 | Create | Villager (Male) |
| 23:27 | Build | Town Center |
| 23:32 | Create | Villager (Male) |
| 23:35 | Create | Villager (Male) |
| 23:39 | Create | Villager (Male) |
| 23:45 | Build | House |
| 23:45 | Build | House |
| 23:46 | Build | House |
| 23:46 | Build | House |
| 23:46 | Build | House |
| 23:46 | Build | House |
| 23:48 | Build | House |
| 23:49 | Build | House |
| 23:51 | Build | House |
| 23:57 | Create | Villager (Male) |
| 24:06 | Build | Farm |
| 24:15 | Build | Farm |
| 24:21 | Build | Farm |
| 24:23 | Create | Villager (Male) |
| 24:25 | Create | Villager (Male) |
| 24:31 | Create | Villager (Male) |
| 24:39 | Research | Gold Mining |
| 24:54 | Create | Villager (Male) |
| 25:01 | Build | Farm |
| 25:14 | Research | Horse Collar |
| 25:22 | Build | Farm |
| 25:29 | Build | Farm |
| 25:37 | Build | Farm |
| 25:40 | Research | Heavy Plow |
| 25:45 | Create | Villager (Male) |
| 25:48 | Create | Villager (Male) |
| 25:59 | Build | Farm |
| 26:07 | Create | Villager (Male) |
| 26:10 | Create | Villager (Male) |
| 26:14 | Create | Villager (Male) |
| 26:14 | Create | Villager (Male) |
| 26:31 | Build | University |
| 26:36 | Create | Villager (Male) |
| 26:42 | Build | Farm |
| 26:49 | Build | Farm |
| 26:55 | Build | Farm |
| 26:57 | Create | Villager (Male) |
| 27:00 | Create | Villager (Male) |
| 27:02 | Create | Villager (Male) |
| 27:06 | Create | Villager (Male) |
| 27:07 | Create | Villager (Male) |
| 27:20 | Build | Barracks |
| 27:22 | Build | Barracks |
| 27:25 | Create | Villager (Male) |
| 27:31 | Build | Farm |
| 27:36 | Build | Farm |
| 27:42 | Research | Stone Mining |
| 27:47 | Research | Scale Mail Armor |
| 27:52 | Create | Villager (Male) |
| 27:59 | Build | Farm |
| 28:03 | Create | Villager (Male) |
| 28:05 | Create | Villager (Male) |
Build order — Yarami
First 150 of 905 actions detected
| 0:02 | Build | House |
| 0:04 | Build | House |
| 0:06 | Create | Villager (Male) |
| 0:06 | Create | Villager (Male) |
| 0:07 | Create | Villager (Male) |
| 0:07 | Create | Villager (Male) |
| 0:07 | Create | Villager (Male) |
| 1:29 | Create | Villager (Male) |
| 2:23 | Build | Palisade Wall |
| 2:29 | Build | Building 796 |
| 2:58 | Create | Villager (Male) |
| 2:58 | Create | Villager (Male) |
| 2:58 | Create | Villager (Male) |
| 2:58 | Create | Villager (Male) |
| 3:13 | Create | Villager (Male) |
| 3:13 | Create | Villager (Male) |
| 3:47 | Create | Villager (Male) |
| 3:48 | Create | Villager (Male) |
| 4:25 | Create | Villager (Male) |
| 4:46 | Build | Lumber Camp |
| 4:53 | Create | Villager (Male) |
| 5:29 | Build | House |
| 6:19 | Build | Mill |
| 6:21 | Create | Villager (Male) |
| 6:22 | Create | Villager (Male) |
| 6:22 | Create | Villager (Male) |
| 7:27 | Research | Loom |
| 7:46 | Create | Villager (Male) |
| 7:46 | Create | Villager (Male) |
| 7:56 | Build | House |
| 7:58 | Build | House |
| 8:00 | Build | House |
| 8:17 | Create | Villager (Male) |
| 8:18 | Create | Villager (Male) |
| 8:39 | Create | Villager (Male) |
| 8:39 | Create | Villager (Male) |
| 8:50 | Build | Dock |
| 9:03 | Build | Dock |
| 9:25 | Create | Villager (Male) |
| 9:25 | Create | Villager (Male) |
| 9:26 | Create | Villager (Male) |
| 9:26 | Create | Villager (Male) |
| 9:26 | Create | Villager (Male) |
| 9:58 | Create | Fishing Ship |
| 11:04 | Create | Fishing Ship |
| 11:20 | Create | Fishing Ship |
| 11:36 | Research | Feudal Age |
| 12:33 | Build | Lumber Camp |
| 12:39 | Build | Mining Camp |
| 12:46 | Build | Farm |
| 12:59 | Create | Villager (Male) |
| 13:00 | Create | Villager (Male) |
| 13:38 | Build | Lumber Camp |
| 13:46 | Build | Farm |
| 13:46 | Age | Feudal Age |
| 13:52 | Research | Double-Bit Axe |
| 13:58 | Research | Horse Collar |
| 14:03 | Research | Wheelbarrow |
| 14:17 | Build | Farm |
| 14:20 | Build | Farm |
| 14:39 | Build | Farm |
| 14:40 | Create | Villager (Male) |
| 14:56 | Create | Villager (Male) |
| 15:13 | Build | Market |
| 15:20 | Build | Blacksmith |
| 15:41 | Build | Farm |
| 16:00 | Create | Fishing Ship |
| 16:03 | Create | Fishing Ship |
| 16:05 | Create | Fishing Ship |
| 16:22 | Build | House |
| 16:24 | Build | House |
| 16:34 | Build | Farm |
| 16:41 | Build | Farm |
| 16:53 | Build | Farm |
| 17:10 | Create | Villager (Male) |
| 17:43 | Build | Fish Trap |
| 17:46 | Build | Fish Trap |
| 17:49 | Build | Fish Trap |
| 18:23 | Build | Fish Trap |
| 18:33 | Build | House |
| 18:49 | Build | Fish Trap |
| 19:04 | Build | Fish Trap |
| 19:18 | Research | Tech 906 |
| 19:24 | Research | Castle Age |
| 19:41 | Build | Mining Camp |
| 19:50 | Build | House |
| 19:51 | Build | House |
| 19:53 | Build | House |
| 19:54 | Build | House |
| 20:05 | Create | Fishing Ship |
| 20:05 | Create | Fishing Ship |
| 20:05 | Create | Fishing Ship |
| 20:08 | Create | Fishing Ship |
| 20:08 | Create | Fishing Ship |
| 20:09 | Create | Fishing Ship |
| 20:09 | Create | Fishing Ship |
| 20:14 | Create | Fishing Ship |
| 20:14 | Create | Fishing Ship |
| 20:27 | Create | Fishing Ship |
| 20:29 | Create | Fishing Ship |
| 22:04 | Age | Castle Age |
| 22:07 | Build | Town Center |
| 22:11 | Build | Town Center |
| 22:19 | Research | Bow Saw |
| 22:24 | Research | Hand Cart |
| 22:30 | Create | Villager (Male) |
| 22:31 | Create | Villager (Male) |
| 22:31 | Create | Villager (Male) |
| 22:31 | Create | Villager (Male) |
| 22:31 | Create | Villager (Male) |
| 22:32 | Create | Villager (Male) |
| 22:44 | Build | Fish Trap |
| 23:19 | Create | Villager (Male) |
| 23:19 | Create | Villager (Male) |
| 23:20 | Create | Villager (Male) |
| 23:20 | Create | Villager (Male) |
| 23:20 | Create | Villager (Male) |
| 23:22 | Create | Villager (Male) |
| 23:23 | Create | Villager (Male) |
| 23:23 | Create | Villager (Male) |
| 23:23 | Create | Villager (Male) |
| 23:23 | Create | Villager (Male) |
| 23:24 | Create | Villager (Male) |
| 23:24 | Create | Villager (Male) |
| 23:24 | Create | Villager (Male) |
| 23:27 | Create | Villager (Male) |
| 23:28 | Create | Villager (Male) |
| 23:32 | Create | Villager (Male) |
| 23:34 | Create | Villager (Male) |
| 23:35 | Create | Villager (Male) |
| 23:53 | Research | Gillnets |
| 24:00 | Build | Fish Trap |
| 24:17 | Build | Fish Trap |
| 24:33 | Build | Fish Trap |
| 24:44 | Build | Fish Trap |
| 24:59 | Build | Fish Trap |
| 25:17 | Research | Heavy Plow |
| 25:19 | Create | Villager (Male) |
| 25:20 | Create | Villager (Male) |
| 25:20 | Create | Villager (Male) |
| 25:22 | Create | Villager (Male) |
| 25:22 | Create | Villager (Male) |
| 25:22 | Create | Villager (Male) |
| 25:22 | Create | Villager (Male) |
| 25:23 | Create | Villager (Male) |
| 25:24 | Create | Villager (Male) |
| 25:24 | Create | Villager (Male) |
| 25:46 | Create | Villager (Male) |
| 25:46 | Create | Villager (Male) |
| 25:48 | Create | Villager (Male) |
Build order — Thelordofallhorses
First 150 of 462 actions detected
| 0:02 | Create | Villager (Male) |
| 0:02 | Create | Villager (Male) |
| 0:03 | Create | Villager (Male) |
| 0:04 | Build | House |
| 0:07 | Build | House |
| 0:39 | Create | Villager (Male) |
| 1:31 | Create | Villager (Male) |
| 1:50 | Build | Lumber Camp |
| 2:02 | Create | Villager (Male) |
| 2:21 | Create | Villager (Male) |
| 2:57 | Create | Villager (Male) |
| 3:31 | Build | House |
| 3:41 | Create | Villager (Male) |
| 4:00 | Build | Mill |
| 4:46 | Create | Villager (Male) |
| 4:52 | Create | Villager (Male) |
| 5:17 | Create | Villager (Male) |
| 5:24 | Create | Villager (Male) |
| 6:08 | Build | Farm |
| 6:13 | Create | Villager (Male) |
| 6:27 | Create | Villager (Male) |
| 6:37 | Build | Farm |
| 6:39 | Create | Villager (Male) |
| 6:46 | Build | House |
| 7:04 | Create | Villager (Male) |
| 7:56 | Build | Lumber Camp |
| 8:00 | Create | Villager (Male) |
| 8:14 | Create | Villager (Male) |
| 8:46 | Build | House |
| 8:54 | Create | Villager (Male) |
| 9:18 | Create | Villager (Male) |
| 9:21 | Create | Villager (Male) |
| 9:54 | Create | Villager (Male) |
| 9:57 | Create | Villager (Male) |
| 9:59 | Research | Feudal Age |
| 11:31 | Create | Villager (Male) |
| 11:32 | Create | Villager (Male) |
| 12:17 | Create | Villager (Male) |
| 12:40 | Create | Villager (Male) |
| 13:11 | Age | Feudal Age |
| 13:20 | Build | Market |
| 13:32 | Build | Blacksmith |
| 14:45 | Research | Castle Age |
| 14:54 | Build | Mining Camp |
| 15:00 | Build | Farm |
| 15:04 | Build | Farm |
| 15:07 | Build | Farm |
| 15:13 | Build | Farm |
| 15:17 | Build | Farm |
| 15:21 | Build | Farm |
| 15:27 | Build | Farm |
| 15:33 | Build | Farm |
| 15:39 | Build | Farm |
| 15:46 | Build | Farm |
| 16:23 | Build | House |
| 16:25 | Build | House |
| 16:28 | Create | Villager (Male) |
| 16:28 | Create | Villager (Male) |
| 17:09 | Research | Double-Bit Axe |
| 17:13 | Research | Horse Collar |
| 17:24 | Build | Farm |
| 17:25 | Age | Castle Age |
| 17:40 | Build | Town Center |
| 18:02 | Create | Villager (Male) |
| 18:38 | Build | Town Center |
| 18:53 | Create | Villager (Male) |
| 18:53 | Create | Villager (Male) |
| 19:07 | Research | Bow Saw |
| 19:14 | Create | Villager (Male) |
| 19:51 | Create | Villager (Male) |
| 19:51 | Create | Villager (Male) |
| 19:52 | Create | Villager (Male) |
| 19:58 | Create | Villager (Male) |
| 19:58 | Create | Villager (Male) |
| 19:59 | Create | Villager (Male) |
| 20:14 | Create | Villager (Male) |
| 20:19 | Create | Villager (Male) |
| 20:20 | Create | Villager (Male) |
| 20:27 | Create | Villager (Male) |
| 20:34 | Create | Villager (Male) |
| 20:36 | Create | Villager (Male) |
| 20:38 | Create | Villager (Male) |
| 20:40 | Create | Villager (Male) |
| 20:48 | Build | Farm |
| 20:52 | Build | Farm |
| 20:57 | Build | Farm |
| 21:04 | Build | Farm |
| 21:17 | Build | Farm |
| 21:18 | Create | Villager (Male) |
| 21:19 | Create | Villager (Male) |
| 21:19 | Create | Villager (Male) |
| 21:22 | Create | Villager (Male) |
| 21:31 | Build | Farm |
| 21:35 | Build | Farm |
| 21:38 | Build | House |
| 21:42 | Build | House |
| 21:47 | Create | Villager (Male) |
| 21:47 | Create | Villager (Male) |
| 21:57 | Create | Villager (Male) |
| 21:58 | Create | Villager (Male) |
| 22:10 | Build | Farm |
| 22:15 | Create | Villager (Male) |
| 22:19 | Build | House |
| 22:20 | Build | House |
| 22:22 | Build | House |
| 22:27 | Create | Villager (Male) |
| 22:27 | Create | Villager (Male) |
| 22:30 | Create | Villager (Male) |
| 22:37 | Create | Villager (Male) |
| 23:01 | Create | Villager (Male) |
| 23:01 | Create | Villager (Male) |
| 23:25 | Build | Farm |
| 23:27 | Create | Villager (Male) |
| 23:37 | Research | Heavy Plow |
| 23:42 | Create | Villager (Male) |
| 23:43 | Create | Villager (Male) |
| 23:54 | Build | Farm |
| 23:58 | Build | Farm |
| 24:03 | Build | House |
| 24:06 | Build | House |
| 24:14 | Build | Farm |
| 24:16 | Create | Villager (Male) |
| 24:18 | Create | Villager (Male) |
| 24:18 | Create | Villager (Male) |
| 24:19 | Create | Villager (Male) |
| 24:19 | Create | Villager (Male) |
| 24:25 | Create | Villager (Male) |
| 24:36 | Build | Farm |
| 24:48 | Create | Villager (Male) |
| 24:53 | Create | Villager (Male) |
| 24:57 | Create | Villager (Male) |
| 24:57 | Create | Villager (Male) |
| 25:27 | Create | Villager (Male) |
| 25:28 | Create | Villager (Male) |
| 25:41 | Build | Farm |
| 25:44 | Build | Farm |
| 25:57 | Build | Mining Camp |
| 26:01 | Create | Villager (Male) |
| 26:04 | Create | Villager (Male) |
| 26:04 | Create | Villager (Male) |
| 26:10 | Build | Farm |
| 26:15 | Build | Mining Camp |
| 26:18 | Create | Villager (Male) |
| 26:18 | Create | Villager (Male) |
| 26:24 | Research | Wheelbarrow |
| 26:30 | Research | Wheelbarrow |
| 26:31 | Create | Villager (Male) |
| 26:32 | Create | Villager (Male) |
| 26:32 | Create | Villager (Male) |
| 26:39 | Create | Villager (Male) |
Build order — leslie
First 150 of 469 actions detected
| 0:01 | Create | Villager (Male) |
| 0:02 | Create | Villager (Male) |
| 0:02 | Create | Villager (Male) |
| 0:02 | Create | Villager (Male) |
| 0:03 | Create | Villager (Male) |
| 0:06 | Build | House |
| 0:08 | Build | House |
| 1:12 | Research | Loom |
| 1:58 | Create | Villager (Male) |
| 1:58 | Create | Villager (Male) |
| 2:10 | Create | Villager (Male) |
| 2:10 | Create | Villager (Male) |
| 2:20 | Create | Villager (Male) |
| 2:21 | Create | Villager (Male) |
| 2:51 | Create | Villager (Male) |
| 2:51 | Create | Villager (Male) |
| 3:19 | Create | Villager (Male) |
| 3:19 | Create | Villager (Male) |
| 3:47 | Create | Villager (Male) |
| 3:47 | Create | Villager (Male) |
| 4:27 | Build | Lumber Camp |
| 4:43 | Build | Lumber Camp |
| 4:54 | Create | Villager (Male) |
| 4:54 | Create | Villager (Male) |
| 4:54 | Create | Villager (Male) |
| 4:54 | Create | Villager (Male) |
| 5:09 | Build | House |
| 5:11 | Build | House |
| 5:12 | Build | House |
| 5:13 | Build | House |
| 5:47 | Create | Villager (Male) |
| 5:47 | Create | Villager (Male) |
| 5:47 | Create | Villager (Male) |
| 5:47 | Create | Villager (Male) |
| 6:56 | Create | Villager (Male) ×2 |
| 7:03 | Build | Mill |
| 7:14 | Build | Mining Camp |
| 8:29 | Create | Villager (Male) |
| 8:29 | Create | Villager (Male) |
| 8:29 | Create | Villager (Male) |
| 9:06 | Build | Mill |
| 9:22 | Create | Villager (Male) |
| 9:22 | Create | Villager (Male) |
| 9:23 | Create | Villager (Male) |
| 9:23 | Create | Villager (Male) |
| 9:23 | Create | Villager (Male) |
| 9:23 | Create | Villager (Male) |
| 10:01 | Build | Mill |
| 10:53 | Create | Villager (Male) |
| 10:53 | Create | Villager (Male) |
| 11:21 | Research | Feudal Age |
| 11:26 | Build | Farm |
| 11:32 | Build | Farm |
| 13:39 | Age | Feudal Age |
| 13:40 | Research | Castle Age |
| 13:46 | Research | Horse Collar |
| 13:51 | Research | Double-Bit Axe |
| 14:19 | Build | Farm |
| 14:20 | Build | Farm |
| 14:20 | Build | Farm |
| 14:20 | Build | Farm |
| 14:21 | Build | Farm |
| 14:21 | Build | Farm |
| 14:21 | Build | Farm |
| 14:21 | Build | Farm |
| 14:22 | Build | Farm |
| 15:20 | Create | Villager (Male) ×5 |
| 16:20 | Age | Castle Age |
| 16:25 | Build | Town Center |
| 16:35 | Build | Farm |
| 16:36 | Build | Farm |
| 16:36 | Build | Farm |
| 16:36 | Build | Farm |
| 16:37 | Build | Farm |
| 16:37 | Build | Farm |
| 16:58 | Build | Town Center |
| 17:28 | Create | Villager (Male) |
| 17:29 | Create | Villager (Male) |
| 18:17 | Build | Town Center |
| 18:27 | Create | Villager (Male) |
| 18:28 | Create | Villager (Male) |
| 18:28 | Create | Villager (Male) |
| 18:29 | Create | Villager (Male) |
| 18:29 | Create | Villager (Male) |
| 18:29 | Create | Villager (Male) |
| 18:35 | Build | Farm |
| 18:35 | Build | Farm |
| 18:35 | Build | Farm |
| 18:36 | Build | Farm |
| 18:42 | Build | Farm |
| 18:47 | Create | Villager (Male) |
| 18:48 | Create | Villager (Male) |
| 18:48 | Create | Villager (Male) |
| 19:08 | Build | Monastery |
| 19:11 | Create | Villager (Male) |
| 19:11 | Create | Villager (Male) |
| 19:11 | Create | Villager (Male) |
| 19:11 | Create | Villager (Male) |
| 19:24 | Build | Farm |
| 19:26 | Build | Farm |
| 19:26 | Build | Farm |
| 19:26 | Build | Farm |
| 19:26 | Build | Farm |
| 19:27 | Build | Farm |
| 19:27 | Build | Farm |
| 19:27 | Build | Farm |
| 19:42 | Create | Villager (Male) |
| 19:42 | Create | Villager (Male) |
| 19:43 | Create | Villager (Male) |
| 19:48 | Build | House |
| 19:49 | Build | House |
| 19:52 | Build | House |
| 19:54 | Build | House |
| 19:54 | Build | House |
| 19:55 | Build | House |
| 19:57 | Build | House |
| 20:01 | Research | Wheelbarrow |
| 20:05 | Research | Town Watch |
| 20:07 | Create | Villager (Male) |
| 20:07 | Create | Villager (Male) |
| 20:36 | Build | Farm |
| 20:36 | Build | Farm |
| 20:37 | Build | Farm |
| 20:37 | Build | Farm |
| 20:37 | Build | Farm |
| 20:44 | Create | Monk |
| 20:52 | Create | Villager (Male) |
| 20:52 | Create | Villager (Male) |
| 20:52 | Create | Villager (Male) |
| 20:52 | Create | Villager (Male) |
| 20:54 | Create | Villager (Male) |
| 20:54 | Create | Villager (Male) |
| 21:03 | Create | Villager (Male) |
| 21:03 | Create | Villager (Male) |
| 21:09 | Create | Villager (Male) |
| 21:25 | Research | Bow Saw |
| 21:26 | Research | Bow Saw |
| 21:29 | Build | Farm |
| 21:37 | Create | Villager (Male) |
| 21:39 | Create | Villager (Male) |
| 21:39 | Create | Villager (Male) |
| 21:44 | Create | Villager (Male) |
| 21:55 | Build | Farm |
| 22:01 | Build | Farm |
| 22:02 | Build | Farm |
| 22:02 | Build | Farm |
| 22:02 | Build | Farm |
| 22:02 | Build | Farm |
| 22:07 | Create | Villager (Male) |
| 22:07 | Create | Villager (Male) |
Build order — ThePiper
First 150 of 518 actions detected
| 0:01 | Create | Villager (Male) |
| 0:01 | Create | Villager (Male) |
| 0:03 | Build | House |
| 0:04 | Build | House |
| 0:14 | Create | Villager (Male) |
| 0:18 | Create | Villager (Male) |
| 1:15 | Create | Villager (Male) |
| 1:34 | Build | House |
| 1:55 | Build | House |
| 1:59 | Build | House |
| 2:17 | Create | Villager (Male) |
| 2:20 | Build | House |
| 2:23 | Build | Palisade Wall |
| 2:27 | Build | Palisade Wall |
| 2:31 | Build | Palisade Wall |
| 2:38 | Build | Palisade Wall |
| 2:46 | Build | Palisade Wall |
| 3:01 | Build | Palisade Wall |
| 3:18 | Create | Villager (Male) |
| 3:22 | Create | Villager (Male) |
| 3:41 | Create | Villager (Male) |
| 4:05 | Create | Villager (Male) |
| 4:11 | Build | Lumber Camp |
| 4:48 | Create | Villager (Male) |
| 5:02 | Create | Villager (Male) |
| 6:01 | Create | Villager (Male) |
| 6:02 | Create | Villager (Male) |
| 6:44 | Build | Dock |
| 6:50 | Create | Villager (Male) |
| 6:50 | Create | Villager (Male) |
| 7:37 | Create | Villager (Male) |
| 7:42 | Build | Mill |
| 7:48 | Create | Fishing Ship |
| 7:49 | Create | Fishing Ship |
| 7:52 | Create | Villager (Male) |
| 7:53 | Create | Villager (Male) |
| 7:54 | Create | Villager (Male) |
| 8:20 | Create | Fishing Ship |
| 8:40 | Create | Fishing Ship |
| 9:01 | Create | Villager (Male) |
| 9:01 | Create | Villager (Male) |
| 9:11 | Build | Mill |
| 9:34 | Build | Mill |
| 9:37 | Create | Villager (Male) |
| 9:37 | Create | Villager (Male) |
| 9:39 | Create | Fishing Ship |
| 9:39 | Create | Fishing Ship |
| 10:05 | Create | Villager (Male) |
| 10:20 | Create | Fishing Ship |
| 11:03 | Create | Villager (Male) |
| 11:04 | Create | Villager (Male) |
| 11:07 | Create | Fishing Ship |
| 11:33 | Research | Feudal Age |
| 11:41 | Build | Mining Camp |
| 11:53 | Create | Fishing Ship |
| 12:01 | Build | House |
| 12:57 | Build | Lumber Camp |
| 13:00 | Create | Villager (Male) |
| 13:00 | Create | Villager (Male) |
| 13:43 | Age | Feudal Age |
| 13:46 | Build | Market |
| 13:52 | Build | Blacksmith |
| 14:13 | Build | Lumber Camp |
| 14:35 | Research | Castle Age |
| 14:35 | Research | Castle Age |
| 15:08 | Build | Fish Trap |
| 15:13 | Build | Fish Trap |
| 15:19 | Research | Double-Bit Axe |
| 15:47 | Create | Transport Ship |
| 15:50 | Research | Tech 906 |
| 15:56 | Build | Fish Trap |
| 16:00 | Build | Fish Trap |
| 16:02 | Build | Fish Trap |
| 16:33 | Create | Villager (Male) |
| 16:33 | Create | Villager (Male) |
| 17:15 | Age | Castle Age |
| 17:17 | Build | Town Center |
| 17:24 | Build | Town Center |
| 17:28 | Research | Bow Saw |
| 17:36 | Build | Fish Trap |
| 17:41 | Build | Fish Trap |
| 17:45 | Research | Gillnets |
| 17:45 | Create | Fishing Ship |
| 17:47 | Create | Fishing Ship |
| 18:21 | Build | House |
| 18:31 | Build | House |
| 18:36 | Create | Villager (Male) |
| 18:54 | Create | Villager (Male) |
| 18:55 | Create | Villager (Male) |
| 18:55 | Create | Villager (Male) |
| 18:58 | Build | Farm |
| 18:58 | Build | Farm |
| 18:58 | Build | Farm |
| 18:59 | Build | Farm |
| 18:59 | Build | Farm |
| 19:08 | Research | Horse Collar |
| 19:14 | Build | Fish Trap |
| 19:20 | Create | Villager (Male) |
| 19:24 | Build | Farm |
| 19:39 | Build | Farm |
| 19:39 | Build | Farm |
| 19:39 | Build | Farm |
| 19:40 | Build | Farm |
| 19:40 | Build | Farm |
| 19:46 | Create | Villager (Male) |
| 19:47 | Create | Villager (Male) |
| 19:47 | Create | Villager (Male) |
| 19:48 | Create | Villager (Male) |
| 19:49 | Create | Villager (Male) |
| 19:57 | Build | Fish Trap |
| 20:01 | Create | Fishing Ship |
| 20:05 | Build | Farm |
| 20:12 | Create | Villager (Male) |
| 20:12 | Create | Villager (Male) |
| 20:38 | Create | Villager (Male) |
| 20:38 | Create | Villager (Male) |
| 20:39 | Create | Villager (Male) |
| 20:39 | Create | Villager (Male) |
| 20:44 | Research | Loom |
| 20:45 | Create | Villager (Male) |
| 20:45 | Create | Villager (Male) |
| 20:47 | Create | Villager (Male) |
| 20:47 | Create | Villager (Male) |
| 21:09 | Build | Fish Trap |
| 21:12 | Create | Villager (Male) |
| 21:12 | Create | Villager (Male) |
| 21:19 | Build | House |
| 21:21 | Build | House |
| 21:22 | Build | House |
| 21:25 | Build | House |
| 21:26 | Build | House |
| 21:28 | Create | Villager (Male) |
| 21:30 | Create | Villager (Male) |
| 21:30 | Create | Villager (Male) |
| 21:34 | Build | Farm |
| 21:38 | Research | Heavy Plow |
| 21:40 | Create | Villager (Male) |
| 21:45 | Create | Villager (Male) |
| 21:52 | Create | Villager (Male) |
| 22:00 | Build | Farm |
| 22:08 | Create | Villager (Male) |
| 22:18 | Research | Stone Mining |
| 22:22 | Build | Farm |
| 22:26 | Create | Villager (Male) |
| 22:39 | Build | Mill |
| 22:40 | Build | Farm |
| 22:40 | Build | Farm |
| 22:42 | Create | Villager (Male) |
| 22:43 | Create | Villager (Male) |
| 22:44 | Create | Villager (Male) |
Build order — 说唱歌手玛卡巴卡
First 150 of 494 actions detected
| 0:05 | Build | House |
| 0:06 | Create | Villager (Male) |
| 0:06 | Create | Villager (Male) |
| 0:06 | Create | Villager (Male) |
| 0:08 | Create | Villager (Male) |
| 0:09 | Create | Villager (Male) |
| 0:41 | Build | House |
| 0:43 | Build | House |
| 0:44 | Build | House |
| 1:25 | Research | Loom |
| 1:44 | Create | Villager (Male) |
| 1:44 | Create | Villager (Male) |
| 2:33 | Build | Lumber Camp |
| 2:34 | Create | Villager (Male) |
| 2:34 | Create | Villager (Male) |
| 3:47 | Create | Villager (Male) |
| 3:47 | Create | Villager (Male) |
| 3:47 | Create | Villager (Male) |
| 4:20 | Build | Palisade Wall |
| 4:34 | Create | Villager (Male) |
| 5:00 | Build | Palisade Wall |
| 5:09 | Create | Villager (Male) |
| 5:09 | Create | Villager (Male) |
| 6:08 | Build | House |
| 6:09 | Build | House |
| 6:11 | Build | House |
| 6:33 | Create | Villager (Male) |
| 6:34 | Create | Villager (Male) |
| 6:34 | Create | Villager (Male) |
| 6:58 | Build | House |
| 6:59 | Build | House |
| 7:01 | Build | House |
| 7:03 | Build | House |
| 7:08 | Build | House |
| 7:11 | Build | House |
| 7:25 | Build | House |
| 7:59 | Create | Villager (Male) |
| 8:00 | Create | Villager (Male) |
| 8:00 | Create | Villager (Male) |
| 8:00 | Create | Villager (Male) |
| 8:19 | Create | Villager (Male) |
| 8:39 | Create | Villager (Male) |
| 8:39 | Create | Villager (Male) |
| 8:46 | Build | House |
| 8:52 | Build | House |
| 8:59 | Create | Villager (Male) |
| 8:59 | Create | Villager (Male) |
| 8:59 | Create | Villager (Male) |
| 10:17 | Build | Dock |
| 10:54 | Create | Villager (Male) |
| 10:55 | Create | Villager (Male) |
| 10:55 | Create | Villager (Male) |
| 10:55 | Create | Villager (Male) |
| 11:06 | Create | Fishing Ship |
| 11:07 | Create | Fishing Ship |
| 12:02 | Build | Mill |
| 12:11 | Research | Feudal Age |
| 12:24 | Build | Mining Camp |
| 13:00 | Create | Fishing Ship |
| 13:02 | Create | Fishing Ship |
| 14:02 | Create | Fishing Ship |
| 14:16 | Create | Villager (Male) |
| 14:21 | Age | Feudal Age |
| 14:30 | Create | Villager (Male) |
| 14:31 | Create | Villager (Male) |
| 14:39 | Research | Double-Bit Axe |
| 14:45 | Create | Villager (Male) |
| 14:51 | Build | Farm |
| 14:59 | Build | Farm |
| 15:16 | Build | Farm |
| 15:26 | Build | Mill |
| 15:34 | Create | Villager (Male) |
| 15:35 | Create | Villager (Male) |
| 15:35 | Create | Villager (Male) |
| 15:36 | Create | Villager (Male) |
| 16:18 | Create | Villager (Male) |
| 16:18 | Create | Villager (Male) |
| 16:26 | Create | Villager (Male) |
| 17:12 | Build | Mill |
| 17:21 | Build | Barracks |
| 17:46 | Create | Villager (Male) |
| 17:47 | Create | Villager (Male) |
| 17:48 | Create | Villager (Male) |
| 17:49 | Create | Villager (Male) |
| 18:16 | Create | Fishing Ship |
| 18:16 | Create | Fishing Ship |
| 18:21 | Build | Archery Range |
| 18:30 | Build | Stable |
| 18:34 | Create | Villager (Male) |
| 18:34 | Create | Villager (Male) |
| 19:09 | Build | Farm |
| 19:13 | Build | Farm |
| 19:30 | Build | Farm |
| 19:42 | Build | Fish Trap |
| 19:43 | Build | Fish Trap |
| 19:45 | Build | Fish Trap |
| 19:49 | Build | Fish Trap |
| 19:50 | Build | Fish Trap |
| 19:51 | Build | Fish Trap |
| 19:53 | Build | Fish Trap |
| 20:14 | Build | Farm |
| 20:16 | Build | Farm |
| 20:17 | Build | Farm |
| 20:19 | Research | Castle Age |
| 20:35 | Build | Farm |
| 20:36 | Build | Farm |
| 20:37 | Build | Farm |
| 20:38 | Build | Farm |
| 20:41 | Build | Farm |
| 20:43 | Build | Farm |
| 20:45 | Build | Farm |
| 20:52 | Research | Gold Mining |
| 21:03 | Create | Galley |
| 21:06 | Create | Fishing Ship |
| 21:07 | Create | Fishing Ship |
| 21:07 | Create | Fishing Ship |
| 21:25 | Build | Mining Camp |
| 21:29 | Build | Farm |
| 21:32 | Build | Farm |
| 21:34 | Build | Farm |
| 21:36 | Build | Farm |
| 21:51 | Research | Stone Mining |
| 21:51 | Research | Stone Mining |
| 22:23 | Build | Fish Trap |
| 22:34 | Build | Fish Trap |
| 22:44 | Create | Villager (Male) |
| 22:44 | Create | Villager (Male) |
| 22:44 | Create | Villager (Male) |
| 22:44 | Create | Villager (Male) |
| 23:13 | Build | Fish Trap |
| 23:16 | Age | Castle Age |
| 23:18 | Research | Tech 906 |
| 23:37 | Create | Villager (Male) |
| 23:38 | Create | Villager (Male) |
| 23:38 | Create | Villager (Male) |
| 23:55 | Build | Town Center |
| 23:58 | Create | Villager (Male) |
| 23:58 | Create | Villager (Male) |
| 24:11 | Research | Bow Saw |
| 24:12 | Research | Bow Saw |
| 24:22 | Create | Villager (Male) |
| 24:30 | Research | Gold Shaft Mining |
| 24:38 | Create | Villager (Male) |
| 24:38 | Create | Villager (Male) |
| 25:16 | Create | Villager (Male) |
| 25:16 | Create | Villager (Male) |
| 25:17 | Create | Villager (Male) |
| 25:17 | Create | Villager (Male) |
| 25:38 | Build | Stone Wall |
| 25:42 | Create | Villager (Male) |
Build order — Hinbin
First 150 of 337 actions detected
| 0:02 | Create | Villager (Male) |
| 0:02 | Create | Villager (Male) |
| 0:02 | Create | Villager (Male) |
| 0:03 | Create | Villager (Male) |
| 0:03 | Create | Villager (Male) |
| 0:04 | Build | House |
| 0:06 | Build | House |
| 1:33 | Create | Villager (Male) |
| 1:47 | Build | Lumber Camp |
| 1:54 | Create | Villager (Male) |
| 1:54 | Create | Villager (Male) |
| 2:25 | Create | Villager (Male) |
| 2:25 | Create | Villager (Male) |
| 2:48 | Create | Villager (Male) |
| 2:48 | Create | Villager (Male) |
| 3:20 | Create | Villager (Male) |
| 3:20 | Create | Villager (Male) |
| 3:45 | Create | Villager (Male) |
| 3:46 | Create | Villager (Male) |
| 4:03 | Build | House |
| 4:36 | Create | Villager (Male) |
| 4:36 | Create | Villager (Male) |
| 4:52 | Build | Mill |
| 5:05 | Create | Villager (Male) |
| 5:05 | Create | Villager (Male) |
| 5:40 | Create | Villager (Male) |
| 5:40 | Create | Villager (Male) |
| 5:48 | Create | Villager (Male) |
| 6:18 | Create | Villager (Male) |
| 6:26 | Create | Villager (Male) |
| 6:26 | Create | Villager (Male) |
| 6:35 | Build | House |
| 6:59 | Build | Mill |
| 7:14 | Create | Villager (Male) |
| 7:18 | Create | Villager (Male) |
| 7:18 | Create | Villager (Male) |
| 7:18 | Create | Villager (Male) |
| 7:55 | Build | Farm |
| 7:59 | Build | Farm |
| 8:28 | Create | Villager (Male) |
| 8:39 | Build | House |
| 9:08 | Build | Mining Camp |
| 9:17 | Create | Villager (Male) |
| 9:42 | Research | Feudal Age |
| 10:00 | Create | Villager (Male) |
| 10:00 | Create | Villager (Male) |
| 10:02 | Research | Loom |
| 10:12 | Build | Barracks |
| 10:31 | Build | Farm |
| 12:00 | Age | Feudal Age |
| 12:05 | Build | Market |
| 12:29 | Build | Blacksmith |
| 12:50 | Research | Double-Bit Axe |
| 13:13 | Research | Castle Age |
| 13:49 | Research | Horse Collar |
| 13:53 | Build | Farm |
| 13:55 | Build | Farm |
| 14:10 | Build | Farm |
| 14:23 | Build | Farm |
| 15:16 | Create | Villager (Male) |
| 15:17 | Create | Villager (Male) |
| 15:18 | Create | Villager (Male) |
| 15:55 | Age | Castle Age |
| 16:01 | Build | Town Center |
| 16:48 | Build | Town Center |
| 16:52 | Build | House |
| 16:53 | Build | House |
| 17:44 | Build | Farm |
| 17:51 | Create | Villager (Male) |
| 17:51 | Create | Villager (Male) |
| 17:51 | Create | Villager (Male) |
| 18:13 | Build | Farm |
| 18:14 | Build | Farm |
| 18:32 | Research | Bow Saw |
| 18:33 | Research | Padded Archer Armor |
| 18:34 | Research | Fletching |
| 18:38 | Create | Villager (Male) ×3 |
| 19:00 | Create | Villager (Male) |
| 19:12 | Build | Farm |
| 19:23 | Build | Farm |
| 19:34 | Build | Farm |
| 19:34 | Build | Farm |
| 19:34 | Build | Farm |
| 19:35 | Build | Farm |
| 19:37 | Build | Farm |
| 19:41 | Create | Villager (Male) ×3 |
| 20:01 | Build | Farm |
| 20:07 | Build | Farm |
| 20:08 | Create | Villager (Male) ×2 |
| 20:27 | Build | Farm |
| 20:27 | Build | Farm |
| 20:35 | Build | Farm |
| 20:38 | Create | Villager (Male) ×2 |
| 20:45 | Build | Farm |
| 20:48 | Build | Farm |
| 20:50 | Create | Villager (Male) |
| 21:11 | Build | Farm |
| 21:13 | Create | Villager (Male) ×3 |
| 21:27 | Build | House |
| 21:28 | Build | House |
| 21:33 | Create | Villager (Male) ×2 |
| 21:51 | Research | Wheelbarrow |
| 21:55 | Create | Villager (Male) |
| 22:11 | Build | Farm |
| 22:12 | Build | Farm |
| 22:12 | Build | Farm |
| 22:13 | Build | Farm |
| 22:21 | Build | Farm |
| 22:30 | Build | Monastery |
| 22:32 | Create | Villager (Male) ×5 |
| 23:03 | Research | Stone Mining |
| 23:04 | Create | Villager (Male) ×3 |
| 23:20 | Create | Villager (Male) ×2 |
| 23:24 | Build | House |
| 23:25 | Build | House |
| 23:26 | Create | Monk |
| 23:28 | Create | Monk |
| 23:37 | Create | Villager (Male) |
| 23:43 | Build | House |
| 23:49 | Research | Bodkin Arrow |
| 24:05 | Build | University |
| 24:06 | Create | Villager (Male) ×5 |
| 24:27 | Research | Gold Mining |
| 24:28 | Create | Villager (Male) ×3 |
| 24:45 | Build | Mill |
| 24:47 | Build | Farm |
| 24:47 | Build | Farm |
| 24:47 | Build | Farm |
| 24:48 | Build | Farm |
| 24:48 | Build | Farm |
| 24:49 | Build | Farm |
| 24:50 | Build | Farm |
| 25:00 | Build | Farm |
| 25:02 | Create | Villager (Male) ×5 |
| 25:27 | Build | Castle |
| 25:38 | Research | Leather Archer Armor |
| 25:41 | Build | House |
| 25:42 | Build | House |
| 26:03 | Build | House |
| 26:04 | Build | House |
| 26:09 | Create | Villager (Male) ×5 |
| 26:35 | Build | Mining Camp |
| 26:39 | Build | House |
| 26:40 | Build | House |
| 27:07 | Create | Villager (Male) ×5 |
| 27:24 | Create | Villager (Male) ×5 |
| 27:39 | Research | Hand Cart |
| 27:49 | Create | Villager (Male) |
| 27:54 | Create | Unit 1968 |
| 27:54 | Create | Unit 1968 |
Match timeline
| 0:29 | For Ged's eyes only ___) --- · wall_segment Palisade Wall x7 |
| 2:02 | For Ged's eyes only ___) --- · wall_segment Palisade Wall x1 |
| 2:12 | For Ged's eyes only ___) --- · wall_segment Palisade Wall x1 |
| 2:15 | For Ged's eyes only ___) --- · wall_segment Palisade Wall x3 |
| 2:23 | Yarami · wall_segment Palisade Wall x26 |
| 2:23 | ThePiper · wall_segment Palisade Wall x1 |
| 2:27 | ThePiper · wall_segment Palisade Wall x1 |
| 2:31 | ThePiper · wall_segment Palisade Wall x1 |
| 2:38 | ThePiper · wall_segment Palisade Wall x1 |
| 2:46 | ThePiper · wall_segment Palisade Wall x1 |
| 3:01 | ThePiper · wall_segment Palisade Wall x1 |
| 4:20 | 说唱歌手玛卡巴卡 · wall_segment Palisade Wall x6 |
| 5:00 | For Ged's eyes only ___) --- · wall_segment Palisade Wall x4 |
| 5:00 | 说唱歌手玛卡巴卡 · wall_segment Palisade Wall x10 |
| 5:21 | For Ged's eyes only ___) --- · wall_segment Palisade Wall x1 |
| 6:33 | For Ged's eyes only ___) --- · wall_segment Palisade Wall x1 |
| 6:44 | ThePiper · first_building Dock |
| 7:29 | F.A.D.14.AM.33.3M · wall_segment Palisade Wall x12 |
| 8:50 | Yarami · first_building Dock |
| 10:12 | Hinbin · first_building Barracks |
| 10:17 | 说唱歌手玛卡巴卡 · first_building Dock |
| 10:17 | For Ged's eyes only ___) --- · first_building Dock |
| 12:00 | Hinbin · age_up feudal |
| 12:58 | F.A.D.14.AM.33.3M · age_up feudal |
| 13:11 | Thelordofallhorses · age_up feudal |
| 13:28 | For Ged's eyes only ___) --- · wall_segment Palisade Wall x2 |
| 13:29 | For Ged's eyes only ___) --- · wall_segment Palisade Wall x1 |
| 13:39 | leslie · age_up feudal |
| 13:43 | ThePiper · age_up feudal |
| 13:46 | Yarami · age_up feudal |
| 14:01 | For Ged's eyes only ___) --- · age_up feudal |
| 14:20 | For Ged's eyes only ___) --- · wall_segment Stone Wall x6 |
| 14:21 | 说唱歌手玛卡巴卡 · age_up feudal |
| 14:40 | Thelordofallhorses · first_market_sell 100 food |
| 15:55 | Hinbin · age_up castle |
| 16:20 | leslie · age_up castle |
| 16:32 | For Ged's eyes only ___) --- · first_market_sell 100 wood |
| 16:33 | For Ged's eyes only ___) --- · first_market_buy 100 food |
| 17:06 | F.A.D.14.AM.33.3M · wall_segment Stone Wall x4 |
| 17:15 | ThePiper · age_up castle |
| 17:16 | F.A.D.14.AM.33.3M · wall_segment Stone Wall x9 |
| 17:21 | 说唱歌手玛卡巴卡 · first_building Barracks |
| 17:25 | Thelordofallhorses · age_up castle |
| 18:21 | 说唱歌手玛卡巴卡 · first_building Archery Range |
| 18:22 | F.A.D.14.AM.33.3M · age_up castle |
| 18:30 | 说唱歌手玛卡巴卡 · first_building Stable |
| 19:06 | ThePiper · first_market_buy 100 food |
| 19:08 | leslie · first_building Monastery |
| 19:14 | For Ged's eyes only ___) --- · wall_segment Stone Wall x16 |
| 19:29 | For Ged's eyes only ___) --- · age_up castle |
| 19:50 | F.A.D.14.AM.33.3M · first_market_buy 100 wood |
| 19:53 | F.A.D.14.AM.33.3M · first_market_sell 100 food |
| 20:30 | For Ged's eyes only ___) --- · first_building Castle |
| 22:04 | Yarami · age_up castle |
| 22:07 | For Ged's eyes only ___) --- · wall_segment Stone Wall x8 |
| 22:30 | Hinbin · first_building Monastery |
| 23:16 | 说唱歌手玛卡巴卡 · age_up castle |
| 24:04 | ThePiper · first_building Castle |
| 24:51 | ThePiper · first_building Monastery |
| 24:57 | ThePiper · first_market_sell 100 wood |
| 25:16 | For Ged's eyes only ___) --- · first_building Monastery |
| 25:27 | Hinbin · first_building Castle |
| 25:38 | 说唱歌手玛卡巴卡 · wall_segment Stone Wall x11 |
| 26:21 | leslie · first_market_sell 500 wood |
| 26:38 | Yarami · first_building Barracks |
| 27:20 | F.A.D.14.AM.33.3M · first_building Barracks |
| 27:47 | 说唱歌手玛卡巴卡 · first_building Monastery |
| 27:54 | Yarami · first_building Archery Range |
| 28:50 | ThePiper · first_building Barracks |
| 28:53 | leslie · first_building Siege Workshop |
| 28:54 | Yarami · first_building Castle |
| 28:57 | Hinbin · first_building Siege Workshop |
| 29:20 | Thelordofallhorses · first_building Barracks |
| 29:21 | For Ged's eyes only ___) --- · first_building Siege Workshop |
| 29:56 | F.A.D.14.AM.33.3M · first_building Monastery |
| 30:01 | leslie · age_up imperial |
| 30:35 | Thelordofallhorses · first_building Archery Range |
| 30:40 | For Ged's eyes only ___) --- · first_building Barracks |
| 30:40 | Thelordofallhorses · first_building Stable |
| 30:45 | ThePiper · age_up imperial |
| 30:48 | leslie · first_building Stable |
| 31:53 | Yarami · first_market_sell 500 wood |
| 32:33 | 说唱歌手玛卡巴卡 · first_building Castle |
| 32:55 | F.A.D.14.AM.33.3M · first_building Archery Range |
| 32:56 | Thelordofallhorses · first_building Castle |
| 33:25 | Hinbin · age_up imperial |
| 33:44 | For Ged's eyes only ___) --- · age_up imperial |
| 34:11 | F.A.D.14.AM.33.3M · first_building Castle |
| 34:21 | leslie · first_building Castle |
| 35:06 | Yarami · age_up imperial |
| 35:20 | F.A.D.14.AM.33.3M · age_up imperial |
| 36:05 | For Ged's eyes only ___) --- · first_building Archery Range |
| 38:19 | Thelordofallhorses · age_up imperial |
| 40:07 | F.A.D.14.AM.33.3M · first_building Siege Workshop |
| 42:04 | Yarami · first_building Siege Workshop |
| 45:29 | F.A.D.14.AM.33.3M · tribute_sent a jugador 2 |
| 45:29 | F.A.D.14.AM.33.3M · tribute_sent a jugador 3 |
| 45:29 | F.A.D.14.AM.33.3M · tribute_sent a jugador 4 |
| 45:29 | F.A.D.14.AM.33.3M · tribute_sent a jugador 5 |
| 45:29 | F.A.D.14.AM.33.3M · tribute_sent a jugador 6 |
| 45:29 | F.A.D.14.AM.33.3M · tribute_sent a jugador 7 |
| 45:29 | F.A.D.14.AM.33.3M · tribute_sent a jugador 8 |
| 46:37 | Yarami · first_market_buy 500 wood |
| 47:13 | Hinbin · first_market_sell 500 wood |
| 47:18 | F.A.D.14.AM.33.3M · tribute_sent a jugador 2 |
| 47:18 | F.A.D.14.AM.33.3M · tribute_sent a jugador 3 |
| 47:18 | F.A.D.14.AM.33.3M · tribute_sent a jugador 4 |
| 47:18 | F.A.D.14.AM.33.3M · tribute_sent a jugador 5 |
| 47:18 | F.A.D.14.AM.33.3M · tribute_sent a jugador 6 |
| 47:18 | F.A.D.14.AM.33.3M · tribute_sent a jugador 7 |
| 47:18 | F.A.D.14.AM.33.3M · tribute_sent a jugador 8 |
| 47:30 | 说唱歌手玛卡巴卡 · wall_segment Stone Wall x4 |
| 49:15 | 说唱歌手玛卡巴卡 · age_up imperial |
| 49:22 | Thelordofallhorses · first_market_buy 100 stone |
| 52:04 | 说唱歌手玛卡巴卡 · first_market_buy 100 stone |
| 53:38 | Yarami · wall_segment Stone Wall x9 |
| 55:36 | Yarami · resign |
| 57:15 | ThePiper · tribute_sent a jugador 1 |
| 57:15 | ThePiper · tribute_sent a jugador 2 |
| 57:15 | ThePiper · tribute_sent a jugador 3 |
| 57:15 | ThePiper · tribute_sent a jugador 4 |
| 57:15 | ThePiper · tribute_sent a jugador 5 |
| 57:15 | ThePiper · tribute_sent a jugador 7 |
| 57:15 | ThePiper · tribute_sent a jugador 8 |
| 57:51 | ThePiper · tribute_sent a jugador 1 |
| 57:51 | ThePiper · tribute_sent a jugador 2 |
| 57:51 | ThePiper · tribute_sent a jugador 3 |
| 57:51 | ThePiper · tribute_sent a jugador 4 |
| 57:51 | ThePiper · tribute_sent a jugador 5 |
| 57:51 | ThePiper · tribute_sent a jugador 7 |
| 57:51 | ThePiper · tribute_sent a jugador 8 |
| 63:45 | ThePiper · tribute_sent a jugador 1 |
| 63:45 | ThePiper · tribute_sent a jugador 2 |
| 63:45 | ThePiper · tribute_sent a jugador 3 |
| 63:45 | ThePiper · tribute_sent a jugador 4 |
| 63:45 | ThePiper · tribute_sent a jugador 5 |
| 63:45 | ThePiper · tribute_sent a jugador 7 |
| 63:45 | ThePiper · tribute_sent a jugador 8 |
[ AI ANALYSIS · 1 CREDIT ]
What really happened in this match?
Wolo.gg analyzes every decision: build order, eco, micro, common mistakes by bracket. Personalized analysis on WhatsApp or Discord in 30 seconds.
Civ guide
Bohemians
Perfil
Jugador #2736710